 Dungeon Crawl Stone Soup version 0.22-a0-514-g96ba041d05 (webtiles) character file.

60 Ireaine the Chopper (level 3, 0/33 HPs)
             Began as a Minotaur Berserker on June 19, 2018.
             Was a Believer of Trog.
             Slain by a gnoll
             ... wielding a +0 whip
              (6 damage)
             ... on level 1 of the Dungeon.
             The game lasted 00:03:08 (1435 turns).

Ireaine the Chopper (Minotaur Berserker)            Turns: 1435, Time: 00:03:08

Health: 0/33       AC:  6    Str: 22    XL:     3   Next: 82%
Magic:  2/2        EV: 10    Int:  4    God:    Trog [**....]
Gold:   61         SH:  0    Dex:  9    Spells: 2/2 levels left

rFire    x . .     SeeInvis .   a - +0 hand axe
rCold    + + .     Gourm    .   (no shield)
rNeg     . . .     Faith    .   m - +0 ice dragon scales
rPois    .         Spirit   .   (helmet restricted)
rElec    .         Reflect  .   (no cloak)
rCorr    .         Harm     .   i - +0 pair of gloves
MR       .....                  (no boots)
Stlth    ..........             (no amulet)
HPRegen  0.11/turn              (no ring)
MPRegen  0.08/turn              (no ring)

@: no status effects
A: retaliatory headbutt, horns 2, deformed body
a: Berserk, Trog's Hand, Renounce Religion


You were on level 1 of the Dungeon.
You worshipped Trog.
Trog was pleased with you.
You were not hungry.

You visited 1 branch of the dungeon, and saw 2 of its levels.

You collected 61 gold pieces.

Inventory:

Hand Weapons
 a - a +0 hand axe (weapon)
Armour
 i - a +0 pair of gloves (worn)
 m - +0 ice dragon scales (worn)
Scrolls
 j - a scroll of identify
Potions
 d - a potion of agility
 e - a potion of might {unknown}
 f - a potion of flight {unknown}
 k - a potion of berserk rage {unknown}
 l - a potion of magic {unknown}
Comestibles
 c - 4 rations


   Skills:
 + Level 4.2 Fighting
 + Level 4.2 Axes
 + Level 3.2 Armour
 + Level 3.0 Dodging


You had 2 spell levels left.
You didn't know any spells.
Your spell library was empty.

Dungeon Overview and Level Annotations

Branches:
Dungeon (2/15)

Altars:


Innate Abilities, Weirdness & Mutations

You reflexively headbutt those who attack you in melee.
You have a pair of horns on your head.
Armour fits poorly on your strangely shaped body.


Message History

The gnoll hits you with an enchanted flail!
* * * LOW HITPOINT WARNING * * *
The giant cockroach closely misses you. You furiously retaliate!
You headbutt the giant cockroach. The gnoll hits you with a whip.
* * * LOW HITPOINT WARNING * * *
The gnoll hits you with a club.
* * * LOW HITPOINT WARNING * * *
Okay, then.
The gnoll hits you but does no damage.
The giant cockroach bites you but does no damage.
The gnoll hits you with a whip.
* * * LOW HITPOINT WARNING * * *
The gnoll hits you but does no damage.
You climb upwards.
There is a stone staircase leading down here.
It was a potion of mutation.
You feel extremely strange.
You feel frail.
Your body twists and deforms.
You feel robust.
The giant cockroach bites you but does no damage.
The gnoll barely misses you. The gnoll hits you with a whip.
You die...

≈≈≈.# #########.#.......# #.
....### #..........######.# #.
......######..........######.###.
####.............................
#########..........######.####
#...............#.[...
#..........####†#####.
##.....g....####.# #.
#....s@g......##.# #.
#......g....#.##.# #.
#...........#.##.# #.
#.#######.....##.# #.
#.#######.######.# #.
#......##.#......# #.
######.##.##.#########. #######
#.........##........##. ......#
#.####.#######.#.##.##.


You could see 3 gnolls and a giant cockroach.

Vanquished Creatures
  An adder (D:2)
  An ooze (D:1)
  A worm (D:2)
  3 dart slugs (D:1)
  2 leopard geckos (D:1)
  A ball python (D:1)
  3 giant cockroaches (D:1)
  5 goblins
  6 hobgoblins
  A bat (D:1)
  A frilled lizard (D:1)
  5 kobolds
  5 rats
35 creatures vanquished.

Notes
Turn   | Place    | Note
-------+----------+-------------------------------------------
     0 | D:1      | Ireaine the Minotaur Berserker began the quest for the Orb.
     0 | D:1      | Reached XP level 1. HP: 19/19 MP: 0/0
    66 | D:1      | Reached XP level 2. HP: 12/27 MP: 1/1
   651 | D:1      | Reached ** piety under Trog
   651 | D:1      | Reached XP level 3. HP: 27/33 MP: 2/2
   697 | D:1      | You fall through a shaft!
  1435 | D:1      | Gained mutation: You are frail. (-10% HP) [potion of mutation]
  1435 | D:1      | Gained mutation: Armour fits poorly on your strangely shaped body. [potion of mutation]
  1435 | D:1      | Lost mutation: You are frail. (-10% HP) [potion of mutation]
  1435 | D:1      | Slain by a gnoll

Vault maps used:
D:1:      ebering_hopf_link
D:2:      overflow_temple_1_default, nicolae_overflow_crystal_walls

Skill      XL: |  1  2  3 |
---------------+----------+-----
Axes           | 4 |  4.2
Fighting       | 4 |  4.2
Armour         | 3 |  3.2
Dodging        | 3 |  3.0

Action                   || total
-------------------------++-------
Melee: Hand axe          ||    82
       Headbutt          ||    15
  Use: Scroll            ||     4
       Potion            ||     1
 Stab: Sleeping          ||     1
  Eat: Ration            ||     1
Armor: Animal skin       ||    13
       Ice dragon scales ||    11
Dodge: Dodged            ||    49

Table legend:
 A = Spawn XP
 B = Non-spawn XP
 C = Spawn XP percentage of total XP
 D = Spawn monster count
 E = Non-spawn monster count
 F = Spawn count percentage of total count
 G = Total turns spent on level
                    A         B        C        D         E        F      G
               +---------+---------+-------+---------+---------+-------+---------
         Total |       0 |      87 |   0.0 |       0 |      35 |   0.0 |  1435
               +---------+---------+-------+---------+---------+-------+---------
           D:1 |       0 |      61 |   0.0 |       0 |      28 |   0.0 |  1229
           D:2 |       0 |      26 |   0.0 |       0 |       7 |   0.0 |   206
               +---------+---------+-------+---------+---------+-------+---------
